Tolliver Groat, neutral female gnomish Tourist ------- ----- ----------- #-.....|####....| --.........-- ####################|....<.# |...| -------- |....- -.....######----- #----|-- |...| ||.....| |....| |....|######-...-# # ## |...| |....`..#####-....---[....##### |...|# # # --.-- |*.....| ##--.........-- #..^*|# # ### # ---.---- ### -.------+-- ###|...|# # # ### ### # ## # # -----# # ### # # # # # # # ###### #%# ### # ### # -+--.--- # # # # # # ---.f....--- ---|- ######## ### # |....@.....| |...| -.-.- # -----# |..........| |...| |...+##################....|# |..........| |...| |...| # |`..|# |..........| |.%.+ |...+ ##....-# |...*......| ----- ----- ----- ------------ Tolliver Groat the Sightseer Experience level: 4 Strength: 16 Dexterity: 11 Constitution: 13 Intelligence: 13 Wisdom: 10 Charisma: 15 Health: 0(26) Energy: 18(18) Def: 0 Gold: 1718 Moves: 1805 Dungeon seed: jMBuBxL-0DkzHxlB Game ID: Tolliver Groat_1529518721 Your Inventory: Coins $ - 1718 gold pieces Weapons a - 48 uncursed +2 darts (in quiver) o - an uncursed +2 aklys (weapon in hand) Armor l - an uncursed +0 Hawaiian shirt (being worn) Comestibles b - an uncursed lembas wafer c - 3 uncursed tripe rations f - 6 uncursed food rations g - an uncursed egg s - an uncursed sprig of wolfsbane v - 2 uncursed eucalyptus leaves Scrolls i - a blessed scroll of magic mapping j - 3 uncursed scrolls of magic mapping p - an uncursed scroll of scare monster w - an uncursed scroll of light y - an uncursed scroll of teleportation Potions h - 2 uncursed potions of extra healing r - an uncursed potion of full healing u - a cursed potion of monster detection Wands m - an uncursed wand of secret door detection (0:12) t - an uncursed wand of enlightenment (0:14) A - an uncursed wand of sleep (0:3) Tools e - an uncursed credit card k - an uncursed oil lamp (0:1355) n - an uncursed expensive camera (0:88) x - an uncursed blindfold B - an uncursed bugle Spells and supernatural/magical abilities: Name Level Category Fail Memory W - pray for help -- divine ? -- Your skills at the end: Miscellaneous Skills wands [Basic] Weapon Skills club [Basic] dart [Basic] Spellcasting Skills Final Attributes: You were devoutly aligned. Your writing hand was ok. You had infravision. You were very stealthy. You are dead. Vanquished creatures: a fog cloud a gray ooze a hill orc 2 orc zombies a werejackal a coyote a hobbit a large kobold 2 geckos a hobgoblin 2 giant rats a yellow mold 5 manes 2 jackals 2 kobolds 4 newts 8 grid bugs 6 lichens 42 creatures vanquished. Voluntary challenges: You did not adorn yourself with jewelry or accessories. You did not cause conflict. You were not invisible. You did not have reflection. You were not displaced. You were an atheist. You used a wielded weapon 51 times, starting on turn 112. You did not use containers. You did not apply a unicorn horn. You did not use plumbed fixtures. You did not drink any magical draughts. You were illiterate. You never genocided any monsters. You never polymorphed an object. You never changed form. You used no wishes. You never split a pudding. You never wrote Elbereth's name. You never violated your personal moral code. Dungeon overview: The Dungeons of Doom: levels 1 to 6 Level 1 a fountain a long staircase Level 2 a general store Level 3 a fountain Level 4 a fountain a long staircase Level 5 <- You were here Level 6 History has recorded: On T:1 you entered the Dungeons of Doom to retrieve the Amulet of Yendor! On T:250 you reached level 2 of The Dungeons of Doom. On T:626 you reached level 3 of The Dungeons of Doom. On T:653 you advanced to experience level 2. On T:749 you advanced to experience level 3. On T:957 you reached level 4 of The Dungeons of Doom. On T:1144 you advanced to experience level 4. On T:1251 you reached level 5 of The Dungeons of Doom. On T:1654 you reached level 6 of The Dungeons of Doom. Score breakdown: Gold: 1296 ( 129 points) Experience: 4 levels ( 300 points) Exploration: 6 levels ( 150 points) Discoveries: 8 items ( 400 points) Variety of kills: 18 monsters ( 900 points) Major goal: (nothing yet) ( 0 points) Survival: died (score multiplied by 3) Total score: 5637 Latest messages: The hill orc wields a curved sword! The curved sword welds itself to the hill orc's hand! The hill orc punches you! You hit the hill orc. The hill orc swings his curved sword at you. The hill orc slashes you! The hill orc punches you! Coco is still trapped. You finish searching. (4x) The hill orc swings his curved sword at you. The hill orc slashes you! The hill orc punches you! Coco misses the hill orc. You hit the hill orc. Coco misses the hill orc. The hill orc swings his curved sword at you. The hill orc hacks you! The hill orc punches you! Coco is confused from hunger. You stop searching. Coco bites! You die... Final status: Aloha Tolliver Groat the Tourist, killed by a kitten called "Coco"... You died in The Dungeons of Doom on dungeon level 5 with 5637 points, and 1718 pieces of gold, after 1805 moves. You were level 4 with a maximum of 26 hit points when you died.